 Dungeon Crawl Stone Soup version 0.16.1-18-g436b03c (webtiles) character file.

620 lorenzova the Vexing (level 7, -2/32 HPs)
             Began as a Spriggan Enchanter on May 4, 2015.
             Slain by a goliath beetle (19 damage)
             ... on level 6 of the Dungeon.
             The game lasted 00:10:54 (5751 turns).

lorenzova the Vexing (Spriggan Enchanter)           Turns: 5751, Time: 00:10:54

Health: -2/32      AC: 12    Str:  6    XL:     7   Next: 22%
Magic:  24/25      EV: 18    Int: 17    God:
Gold:   367        SH:  0    Dex: 16    Spells: 3 memorised, 14 levels left

rFire  . . .     SeeInvis +     r - +0 dagger (protect)
rCold  . . .     Clarity  +     b - +1 robe
rNeg   + . .     SustAb   .     (shield restricted)
rPois  .         Gourm    .     (helmet restricted)
rElec  .         Spirit   .     (no cloak)
rCorr  .         Warding  .     (gloves unavailable)
rMut   .         Stasis   .     (boots unavailable)
MR     +....                    u - amulet of clarity
Stlth  +++.......               t - +4 ring of protection
                                q - ring of positive energy

@: very quick, somewhat resistant to hostile enchantments, fairly stealthy
A: unfitting armour, see invisible, herbivore 3, speed 3, slow metabolism 2
a: no special abilities


You were on level 6 of the Dungeon.
You were not hungry.

You visited 1 branch of the dungeon, and saw 6 of its levels.

You collected 367 gold pieces.

Inventory:

Hand weapons
 a - a +1 dagger
 r - a +0 dagger of protection (weapon)
Armour
 b - a +1 robe (worn)
Jewellery
 k - an uncursed ring of wizardry
 q - a ring of positive energy (left hand)
 t - a +4 ring of protection (right hand)
 u - an amulet of clarity (around neck)
 y - an uncursed amulet of stasis
Magical devices
 A - a wand of magic darts (16)
Scrolls
 e - 2 scrolls of fear {unknown}
 f - 11 scrolls of remove curse
 i - 2 scrolls of enchant weapon {unknown}
 j - 2 scrolls of teleportation {unknown}
 l - a scroll of magic mapping {unknown}
 m - a scroll of immolation {unknown}
 n - 2 scrolls of fog {unknown}
 p - 2 scrolls of enchant armour {unknown}
 v - a scroll of recharging {unknown}
 B - a scroll of vulnerability {unknown}
 C - a scroll of amnesia {unknown}
Potions
 g - a potion of mutation {unknown}
 h - 5 potions of curing {unknown}
 o - 2 potions of heal wounds {unknown}
 s - a potion of restore abilities {unknown}
 w - a potion of agility {unknown}
 x - a potion of magic {unknown}
Books
 c - a book of Maledictions

   Spells                             Type                      Level
   a - Corona                         Hexes                        1
   b - Sure Blade                     Hexes/Charms                 2
   c - Ensorcelled Hibernation        Hexes/Ice                    2
   d - Confuse                        Hexes                        3
   e - Dazzling Spray                 Conjuration/Hexes            3
   f - Enslavement                    Hexes                        4
Comestibles
 d - 5 bread rations
 z - a slice of pizza


   Skills:
 - Level 1.1 Short Blades
 - Level 3.0 Dodging
 + Level 4.9 Stealth
 * Level 7.0 Spellcasting
 * Level 7.5 Hexes


You had 14 spell levels left.
You knew the following spells:

 Your Spells              Type           Power        Failure   Level  Hunger
a - Corona                Hex            ####...      1%          1    None
b - Ensorcelled Hibernat  Hex/Ice        ###...       3%          2    None
c - Confuse               Hex            ####....     1%          3    ##.....


Dungeon Overview and Level Annotations

Branches:
Dungeon (6/15)
 Temple: D:4-7

Altars:
Vehumet
Yredelemnul

Shops:
D:5 =


Innate Abilities, Weirdness & Mutations

You are tiny and cannot use many weapons and most armour.
You have supernaturally acute eyesight.
You are a herbivore.
You cover ground extremely quickly.
You need consume almost no food.


Message History

You hit the goliath beetle but do no damage.
The goliath beetle is almost dead.
You hit the goliath beetle but do no damage.
The goliath beetle is almost dead.
The goliath beetle completely misses you.
You hit the goliath beetle but do no damage.
The goliath beetle is almost dead.
You hit the goliath beetle but do no damage.
The goliath beetle is almost dead.
You hit the goliath beetle but do no damage.
The goliath beetle is almost dead.
You barely miss the goliath beetle.
The goliath beetle is almost dead.
You hit the goliath beetle but do no damage.
The goliath beetle is almost dead.
You hit the goliath beetle.
The goliath beetle is almost dead.
The goliath beetle bites you!!
Ouch! That really hurt!
You die...

######## #(.......
#........#
##.......#
#........# .<
#.@......# ...#
##B..†##..##
#..##....###...###
#......## #....#..
##....## #....>.#
##....## #.....#
##......####...#
#..............#
##
.........$.....##
#.#


You could see a goliath beetle (confused).

Vanquished Creatures
  A scorpion (D:5)
  A goliath beetle (D:6)
  2 jellies (D:5)
  A crimson imp (D:5)
  A giant frog skeleton (D:5)
  3 orc priests
  An iguana (D:5)
  3 worker ants
  An orc wizard (D:4)
  A worker ant zombie (D:5)
  3 adders
  2 shadow imps
  5 worms
  2 adder skeletons
  2 giant geckos
  19 orcs
  2 ball pythons
  2 bat skeletons
  7 giant cockroaches
  9 hobgoblins
  13 jackals
  3 quokkas
  11 bats
  2 giant gecko skeletons (D:4)
  10 giant newts
  13 goblins
  10 kobolds
  13 rats
143 creatures vanquished.

Notes
Turn   | Place    | Note
--------------------------------------------------------------
     0 | D:1      | lorenzova, the Spriggan Enchanter, began the quest for the Orb.
     0 | D:1      | Reached XP level 1. HP: 9/9 MP: 4/4
   356 | D:1      | Reached XP level 2. HP: 7/13 MP: 8/8
   582 | D:1      | Learned a level 2 spell: Ensorcelled Hibernation
  1375 | D:2      | Reached XP level 3. HP: 16/16 MP: 11/11
  1382 | D:2      | Learned a level 3 spell: Confuse
  2157 | D:3      | Reached XP level 4. HP: 21/21 MP: 15/15
  2357 | D:3      | Reached skill level 5 in Hexes
  3319 | D:4      | Reached XP level 5. HP: 24/24 MP: 15/18
  3351 | D:4      | Found a radiant altar of Vehumet.
  3452 | D:4      | Reached skill level 5 in Spellcasting
  3621 | D:4      | Reached skill level 6 in Hexes
  3929 | D:4      | Reached XP level 6. HP: 28/28 MP: 21/21
  4017 | D:4      | Found a basalt altar of Yredelemnul.
  4198 | D:5      | Entered Level 5 of the Dungeon
  4728 | D:5      | Reached skill level 7 in Hexes
  4940 | D:5      | Reached XP level 7. HP: 32/32 MP: 24/24
  5066 | D:5      | Found Chathrea's Jewellery Shop.
  5751 | D:6      | Slain by a goliath beetle

Action                   |  1- 3 |  4- 6 |  7- 9 || total
-------------------------+-------+-------+-------++-------
Melee: Dagger            |   147 |   315 |   197 ||   659
 Cast: Ensorcelled Hiber |     5 |    28 |     3 ||    36
       Confuse           |     1 |    31 |     8 ||    40
  Use: Scroll            |       |     1 |       ||     1
 Stab: Sleeping          |    14 |    32 |     4 ||    50
       Confused          |     2 |    16 |    12 ||    30
  Eat: Bread ration      |       |     1 |       ||     1
